 Dungeon Crawl Stone Soup version 0.25.1-1-g288607f5aa (webtiles) character file.

Game seed: 694629271252266239

40 Atelerd the Stinger (level 3, -2/21 HPs)
             Began as an Octopode Venom Mage on July 27, 2020.
             Killed by divine providence
             ... invoked by an orc priest
              (17 damage)
             ... on level 2 of the Dungeon.
             The game lasted 00:00:58 (1702 turns).

Atelerd the Stinger (Octopode Venom Mage)           Turns: 1702, Time: 00:00:59

Health: -2/21      AC:  1    Str:  7    XL:     3   Next: 50%
Magic:  3/7        EV: 13    Int: 18    God:
Gold:   42         SH:  0    Dex: 12    Spells: 3/7 levels left

rFire    . . .     SeeInvis .   i - +0 short sword
rCold    . . .     Gourm    .   (no shield)
rNeg     . . .     Faith    .   (helmet restricted)
rPois    .         Spirit   .   (no amulet)
rElec    .         Reflect  .   (no ring)
rCorr    .         Harm     .   (no ring)
MR       .....                  (no ring)
Stlth    +++.......             (no ring)
HPRegen  0.07/turn              (no ring)
MPRegen  0.10/turn              (no ring)
                                (no ring)
                                (no ring)

@: no status effects
A: almost no armour, stealthy swim, amphibious, 8 rings, constrict 8, camouflage
1, gelatinous body 1
a: no special abilities


You were on level 2 of the Dungeon.
You were not hungry.

You visited 1 branch of the dungeon, and saw 2 of its levels.

You collected 42 gold pieces.

Inventory:

Hand Weapons
 i - a +0 short sword (weapon)
Scrolls
 d - 2 scrolls of identify {unknown}
 e - a scroll of remove curse {unknown}
Potions
 a - 2 potions of curing {unknown}
 c - a potion of brilliance {unknown}
 f - a potion of cancellation {unknown}
 g - a potion of resistance {unknown}
Comestibles
 b - 2 rations
 h - 2 chunks of flesh


   Skills:
 - Level 2.0 Dodging
 + Level 3.4 Stealth
 * Level 2.6 Spellcasting
 + Level 1.6 Transmutations
 + Level 4.0 Poison Magic


You had 3 spell levels left.
You knew the following spells:

 Your Spells              Type           Power        Failure   Level  Hunger
a - Sting                 Tmut/Pois      ##..         5%          1    #......
b - Mephitic Cloud        Conj/Pois/Air  #.......     28%         3    ###....

Your spell library contained the following spells:

 Spells                   Type           Power        Failure   Level  Hunger
 Poisonous Vapours        Pois/Air       #.....       11%         2    ##.....
 Ignite Poison            Fire/Tmut/Pois #.......     24%         3    ###....
 Olgreb's Toxic Radiance  Pois           ###.....     32%         4    #####..


Dungeon Overview and Level Annotations

Branches:
Dungeon (2/15)

Altars:

Annotations:
D:2 Natasha


Innate Abilities, Weirdness & Mutations

You cannot wear most types of armour.
You are very stealthy in the water. (Stealth+)
You are amphibious.
You can wear up to eight rings at the same time.
You can use your tentacles to constrict eight enemies at once.
Your skin changes colour to match your surroundings (Stealth+).
Your rubbery body absorbs attacks. (AC +1, EV +1)


Message History

Natasha looks even sicker.
Natasha is moderately wounded.
The goblin shouts!
A goblin comes into view. It is wielding a +0 club.
An orc wizard comes into view. It is wielding a +0 dagger.
A hobgoblin comes into view. It is wielding a +0 club.
Natasha misses you.
A goblin comes into view. It is wielding a +0 dagger.
Casting: Sting (safe; 5% risk of failure)
Confirm with . or Enter, or press ? or * to list all spells.
Aiming: Sting (safe; 5% risk of failure)
Press: ? - help, Shift-Dir - straight line, f/p - Natasha
Aim: Natasha (moderately wounded, very poisoned)
The sting misses Natasha.
The goblin shouts!
The hobgoblin shouts!
The orc wizard shouts!
You hear a shout! x3
The orc priest mumbles some strange prayers to Beogh against you.
Beogh smites you!
Ouch! That really hurt!
You die...

#.# ....
##.######..#
#.......#..#
#######.#..#
.. #.(..#
#.#####.#
#%..รท...#
####..###
#@.#
#.hK.....
#........
.........
+.........
#....og...
#....g....
#....gogg.


You could see an orc priest, an orc wizard, Natasha (very poisoned), a
hobgoblin, 4 goblins and a kobold.

Vanquished Creatures
  Natasha (D:2)
  A leopard gecko (D:2)
  A ball python (D:1)
  A giant cockroach (D:1)
  A goblin (D:1)
  2 hobgoblins (D:1)
  3 kobolds
  2 frilled lizards
  3 rats (D:1)
15 creatures vanquished.

Notes
Turn   | Place    | Note
-------+----------+-------------------------------------------
     0 | D:1      | Atelerd the Octopode Venom Mage began the quest for the
                  | Orb.
     0 | D:1      | Reached XP level 1. HP: 11/11 MP: 3/3
   587 | D:1      | Reached XP level 2. HP: 8/17 MP: 3/5
  1597 | D:2      | Noticed Natasha
  1603 | D:2      | Killed Natasha
  1603 | D:2      | Reached skill level 4 in Poison Magic
  1603 | D:2      | Reached XP level 3. HP: 21/21 MP: 1/7
  1609 | D:2      | Learned a level 3 spell: Mephitic Cloud
  1696 | D:2      | Noticed Natasha
  1702 | D:2      | Killed from afar by an orc priest

Illustrated notes

Levels and vault maps discovered:
D:1:      dpeg_arrival_signposts, layout_loops_corners, minmay_pentomino_q2
D:2:      layout_basic, uniq_natasha, uniq_sigmund, uniq_robin

Skill      XL: |  1  2 |
---------------+-------+-----
Stealth        | 3 |  3.4
Poison Magic   | 4 |  4.0
Dodging        | |  2.0
Spellcasting   | |  2.6
Transmutations | |  1.6

Action                   || total
-------------------------++-------
Melee: Unarmed           ||    40
       Constrict         ||    10
       Tentacles         ||     6
       Short sword       ||     1
 Cast: Sting             ||    10
 Stab: Sleeping          ||     5
  Eat: Chunk             ||     2
Armor: Skin              ||     3
Dodge: Dodged            ||    24
